 Dungeon Crawl Stone Soup version 0.24.0-5-g267a8d59f4 (webtiles) character file.

Game seed: 894393571515888605, levelgen mode: deterministic

24292 roguesci the Fighter (level 12, -2/115 HPs)
             Began as a Troll Monk on Nov 1, 2019.
             Was the Champion of Ru.
             Slain by an 11-headed hydra (7 damage)
             ... on level 13 of the Dungeon.
             The game lasted 00:44:40 (13223 turns).

roguesci the Fighter (Troll Monk)                  Turns: 13223, Time: 00:44:40

Health: -2/115     AC: 10    Str: 26    XL:     12   Next: 79%
Magic:  11/11      EV: 14    Int: 14    God:    Ru [******]
Gold:   803        SH:  0    Dex: 12    Spells: 11/11 levels left

rFire    . . .     SeeInvis .     - Unarmed
rCold    . . .     Gourm    +   (no shield)
rNeg     . . .     Faith    .   a - +1 robe
rPois    +         Spirit   .   (helmet restricted)
rElec    .         Reflect  .   g - +2 cloak {rPois}
rCorr    .         Harm     .   (gloves unavailable)
MR       .....                  (boots unavailable)
Stlth    +.........             (no amulet)
HPRegen  0.69/turn              z - +5 ring of intelligence
MPRegen  0.12/turn              s - +5 ring of intelligence

@: lightly drained
A: large, unfitting armour, claws 3, dopey 1, fast metabolism 3, frail 1,
gourmand, mutation resistance 1, regeneration 1, shaggy fur 1, tough skin 3,
hated by all, magic vulnerability 1
a: Draw Out Power, Power Leap, Apocalypse, Renounce Religion


You were on level 13 of the Dungeon.
You worshipped Ru.
Ru was exalted by your worship.
You were not hungry.

You visited 2 branches of the dungeon, and saw 14 of its levels.
You also visited: Sewer and Ossuary.

You collected 803 gold pieces.

Inventory:

Hand Weapons
 j - the +6 mace of Vazahiah {crush, rPois}
   (You found it on level 5 of the Dungeon)

   It inflicts extra damage upon your enemies.
   It protects you from poison.
Missiles
 f - 297 stones (quivered)
 H - 2 throwing nets
Armour
 a - a +1 robe (worn)
 g - a +2 cloak of poison resistance (worn)
 E - a +2 shield
Jewellery
 p - an uncursed ring of ice
 s - a +5 ring of intelligence (right claw)
 x - an uncursed ring of poison resistance
 z - a +5 ring of intelligence (left claw)
 F - an uncursed amulet of harm
Wands
 c - a wand of enslavement (8)
 v - a wand of iceblast (7)
 y - a wand of flame (18)
Scrolls
 h - 7 scrolls of remove curse
 k - 5 scrolls of teleportation
 m - 2 scrolls of amnesia
 n - 2 scrolls of identify
 o - 4 scrolls of magic mapping
 q - 2 scrolls of immolation
 D - a scroll of noise
 G - a scroll of fear
Potions
 l - 2 potions of agility
 r - 4 potions of flight
 t - 3 potions of lignification
 C - 4 potions of curing
 I - 2 potions of brilliance
Comestibles
 b - 28 rations


   Skills:
 * Level 10.6(10.2) Fighting
 * Level 9.4(9.1) Maces & Flails
 * Level 9.9(9.5) Dodging
 - Level 1.0(0.7) Stealth
 + Level 10.4(10.1) Unarmed Combat


You had 11 spell levels left.
You didn't know any spells.
Your spell library contained the following spells:

 Spells                   Type           Power        Failure   Level  Hunger
 Confusing Touch          Hex            #.....       28%         1    ##.....
 Magic Dart               Conj           #...         28%         1    ##.....
 Searing Ray              Conj           #.....       41%         2    ###....
 Confuse                  Hex            #.......     65%         3    ####...
 Dazzling Spray           Conj/Hex       #.....       65%         3    ####...
 Gell's Gravitas          Tloc           #.........   65%         3    ####...
 Force Lance              Conj/Tloc      #.......     96%         4    #####..
 Fulminant Prism          Conj/Hex       #.........   96%         4    #####..
 Iskenderun's Mystic Bla  Conj           #.......     96%         4    #####..
 Petrify                  Tmut/Erth      #.......     96%         4    #####..
 Metabolic Englaciation   Hex/Ice        #.........   100%        5    ######.
 Yara's Violent Unravell  Hex/Tmut       #.........   100%        5    ######.
 Summon Butterflies       Summ           Unusable     N/A         1    N/A
 Call Canine Familiar     Summ           Unusable     N/A         3    N/A
 Summon Ice Beast         Ice/Summ       Unusable     N/A         4    N/A
 Summon Mana Viper        Hex/Summ       Unusable     N/A         5    N/A
 Summon Hydra             Summ           Unusable     N/A         7    N/A

Dungeon Overview and Level Annotations

Branches:
Dungeon (13/15)            Temple (1/1) D:5            Lair (0/6) D:10
    Orc (0/2) D:10         Vaults (0/5) D:13          Sewer (visited)
Ossuary (visited)

Altars:
Ashenzari
Cheibriados
Dithmenos
Elyvilon
Fedhas
Gozag
Hepliaklqana
Kikubaaqudgha
Makhleb
Nemelex Xobeh
Okawaru
Qazlal
Ru
Sif Muna
Trog
Uskayaw
Vehumet
Wu Jian
Xom
Yredelemnul
Zin
The Shining One

Shops:
D:4 (

Annotations:
D:11 3 runed translucent doors, bande's ghost, journeyman GrFi
D:13 Rupert


Innate Abilities, Weirdness & Mutations

You are too large for most types of armour.
You have claws for hands.
You are dopey. (Int -2)
Your metabolism is lightning-fast.
You are frail. (-10% HP)
You like to eat raw meat.
Your natural rate of healing is unusually fast.
You are covered in fur. (AC +1)
You have extremely tough skin. (AC +3)
You are hated by all.
You are slightly vulnerable to magic. (MR-)
You are somewhat resistant to further mutation.


Message History

* * * LOW HITPOINT WARNING * * *
The ten-headed hydra closely misses you.
The wight hits you from afar with a +0 spear.
* * * LOW HITPOINT WARNING * * *
You tear one of the ten-headed hydra's heads off!
The nine-headed hydra grows two more!
You claw the 11-headed hydra!
The 11-headed hydra is severely wounded.
The 11-headed hydra bites you.
* * * LOW HITPOINT WARNING * * *
The 11-headed hydra bites you.
* * * LOW HITPOINT WARNING * * *
You focus your will and illuminate the 11-headed hydra in retribution!
The 11-headed hydra bites you but does no damage.
The 11-headed hydra bites you.
* * * LOW HITPOINT WARNING * * *
The 11-headed hydra misses you. The 11-headed hydra bites you.
* * * LOW HITPOINT WARNING * * *
The 11-headed hydra bites you but does no damage. x2
The 11-headed hydra closely misses you. The 11-headed hydra bites you!
You die...

...##########.....#
##................#
##........p......###
##..##########.....#
##^..# #.....##
#...)## ##.....#
....).## #pz...##
.......## #D####.#
........# #@# ###
...)....## ###.##
.........#####...†##
..........#.....#..##
..............#####.##
............### ##.#
..........### #)#
..........# #.#
..........# #.#


You could see a 11-headed hydra (blind), a human and a wight.

Vanquished Creatures
  2 centaur warriors (D:13)
  5 two-headed ogres
  Urug (D:13)
  Pikel (D:5)
  A manticore (D:11)
  Joseph (D:8)
  A gargoyle (D:11)
  A merfolk (D:9)
  Prince Ribbit (D:5)
  2 hornets
  5 slime creatures (D:12)
  A hippogriff (D:9)
  Sigmund (D:6)
  A shadow (D:11)
  A wraith (D:12)
  30 yaks
  A vampire (D:7)
  5 wyverns
  4 humans (D:13)
  A steam dragon (D:11)
  Edmund (D:5)
  Menkaure (D:5)
  4 hungry ghosts
  A soldier ant (D:10)
  5 water moccasins
  2 black bears
  A swamp drake (D:12)
  3 sky beasts
  A hornet zombie (D:11)
  4 orc warriors
  5 ice beasts
  2 eyes of draining
  2 phantoms
  4 ogres
  A tengu (shapeshifter) (D:13)
  14 centaurs
  A crocodile (D:10)
  Blork the orc (D:5)
  A big kobold (Sewer)
  An elf zombie (Ossuary)
  11 bullfrogs
  7 scorpions
  15 killer bees
  12 wights
  7 howler monkeys
  A centaur zombie (Ossuary)
  7 crimson imps
  A bullfrog zombie (D:13)
  2 quasits
  10 hounds
  4 jellies
  A centaur skeleton (D:12)
  10 orc priests
  Crazy Yiuf (D:5)
  3 iguanas
  9 worker ants
  6 orc wizards
  A hound zombie (D:9)
  2 hound skeletons (D:5)
  3 mummies
  6 gnolls
  11 adders
  3 river rats (Sewer)
  3 shadow imps
  2 oozes
  An adder zombie (D:5)
  4 worms
  4 dart slugs
  5 leopard geckos
  59 orcs
  3 ball pythons
  7 giant cockroaches
  7 goblins
  5 hobgoblins
  13 jackals
  9 kobolds
  7 quokkas
  6 bats
  7 frilled lizards
  3 goblin zombies
  13 hobgoblin zombies (Ossuary)
  3 jackal zombies (Ossuary)
  9 kobold zombies
  A leopard gecko skeleton (D:5)
  8 orc zombies (Ossuary)
  A quokka zombie (D:6)
  9 rats
  A rat zombie (Ossuary)
444 creatures vanquished.

Vanquished Creatures (others)
  An unseen horror (D:11)
  A yak (D:11)
  2 humans (D:13)
  A centaur (D:11)
  A crocodile (D:12)
  3 plants (D:11)
9 creatures vanquished.

Grand Total: 453 creatures vanquished

Notes
Turn   | Place    | Note
-------+----------+-------------------------------------------
     0 | D:1      | roguesci the Troll Monk began the quest for the Orb.
     0 | D:1      | Reached XP level 1. HP: 22/22 MP: 0/0
     0 | D:1      | Noticed a vine stalker
     0 | D:1      | Noticed a ghoul
     2 | D:1      | Noticed an octopode
     4 | D:1      | Noticed a centaur
     5 | D:1      | Noticed a minotaur
     6 | D:1      | Noticed a vampire
     7 | D:1      | Noticed a ghoul
    10 | D:1      | Noticed a formicid
    10 | D:1      | Noticed a vine stalker
    12 | D:1      | Noticed a troll
    12 | D:1      | Noticed a felid
    14 | D:1      | Noticed a felid
    14 | D:1      | Noticed a draconian
    14 | D:1      | Noticed a draconian
    18 | D:1      | Noticed an elf
    97 | D:1      | Reached XP level 2. HP: 23/29 MP: 1/1
   771 | D:2      | Noticed a scorpion
   782 | D:2      | Reached XP level 3. HP: 35/36 MP: 2/2
   785 | D:2      | Killed a scorpion
   785 | D:2      | Reached XP level 4. HP: 42/45 MP: 3/3
  1450 | D:3      | Found a stormy altar of Qazlal.
  1703 | D:3      | Reached XP level 5. HP: 41/53 MP: 4/4
  2073 | D:3      | Found a glowing drain.
  2077 | Sewer    | Entered a sewer
  2091 | Sewer    | Reached XP level 6. HP: 47/62 MP: 5/5
  2176 | Sewer    | Reached skill level 5 in Unarmed Combat
  2207 | Sewer    | Found a white marble altar of Elyvilon.
  2551 | D:4      | Found Feppoz's Weapon Boutique.
  2627 | D:4      | Found a sand-covered staircase.
  2633 | Ossuary  | Entered an ossuary
  2801 | Ossuary  | Reached XP level 7. HP: 64/71 MP: 6/6
  3097 | D:4      | Reached skill level 5 in Fighting
  3319 | D:4      | Found an iron altar of Okawaru.
  3709 | D:5      | Entered Level 5 of the Dungeon
  3739 | D:5      | Noticed Prince Ribbit
  3785 | D:5      | Killed Prince Ribbit
  3785 | D:5      | Reached XP level 8. HP: 43/81 MP: 7/7
  3859 | D:5      | Noticed Edmund
  3864 | D:5      | Killed Edmund
  3884 | D:5      | Found a staircase to the Ecumenical Temple.
  3895 | Temple   | Entered the Ecumenical Temple
  4008 | Temple   | Became a worshipper of Ru the Awakened
  4012 | Temple   | Gained mutation: You are dopey. (Int -2) [Ru sacrifice]
  4146 | D:5      | Found a runed translucent door.
  4146 | D:5      | Noticed Menkaure
  4147 | D:5      | Noticed Crazy Yiuf
  4160 | D:5      | Killed Crazy Yiuf
  4171 | D:5      | Killed Menkaure
  4295 | D:5      | Got a polished mace
  4299 | D:5      | Identified the +6 mace of Vazahiah {crush, rPois} (You
                  | found it on level 5 of the Dungeon)
  4439 | D:5      | Noticed Blork the orc
  4966 | D:5      | Reached skill level 1 in Maces & Flails
  5004 | D:5      | Killed Blork the orc
  5066 | D:5      | Reached skill level 5 in Dodging
  5156 | D:5      | Noticed Pikel
  5165 | D:5      | Killed Pikel
  5165 | D:5      | Reached XP level 9. HP: 88/92 MP: 8/8
  5424 | D:6      | Noticed Sigmund
  5450 | D:6      | Killed Sigmund
  6189 | D:7      | Noticed a two-headed ogre
  6218 | D:7      | Killed a two-headed ogre
  6218 | D:7      | Reached XP level 10. HP: 51/104 MP: 9/9
  6225 | D:7      | Reached skill level 5 in Maces & Flails
  6363 | D:7      | Gained mutation: You are slightly vulnerable to magic.
                  | (MR-) [Ru sacrifice]
  6363 | D:7      | Reached * piety under Ru
  7540 | D:8      | Noticed Joseph
  7553 | D:8      | Gained mutation: You are robust. (+10% HP) [potion of
                  | mutation]
  7553 | D:8      | Gained mutation: You are somewhat resistant to further
                  | mutation. [potion of mutation]
  7558 | D:8      | Killed Joseph
  8055 | D:9      | Found a hide-covered altar of Uskayaw.
  8073 | D:9      | Gained mutation: You are hated by all. [Ru sacrifice]
  8073 | D:9      | Reached ** piety under Ru
  8073 | D:9      | Reached *** piety under Ru
  8575 | D:9      | Reached XP level 11. HP: 124/124 MP: 10/10
  8851 | D:10     | Entered Level 10 of the Dungeon
  9052 | D:10     | Found a staircase to the Lair.
  9078 | D:10     | Noticed a two-headed ogre
  9096 | D:10     | Killed a two-headed ogre
  9172 | D:10     | Found a staircase to the Orcish Mines.
  9243 | D:10     | Noticed a two-headed ogre
  9252 | D:10     | Killed a two-headed ogre
 10015 | D:11     | Noticed a two-headed ogre
 10057 | D:11     | Killed a two-headed ogre
 10180 | D:11     | Found a runed translucent gate.
 10180 | D:11     | Noticed a nine-headed hydra
 10180 | D:11     | Noticed bande's ghost (journeyman GrFi)
 10180 | D:11     | Noticed a nine-headed hydra
 10181 | D:11     | Found a runed translucent gate.
 10181 | D:11     | Found a runed translucent gate.
 10198 | D:11     | Lost mutation: You are robust. (+10% HP) [Ru sacrifice]
 10198 | D:11     | Gained mutation: You are frail. (-10% HP) [Ru sacrifice]
 10198 | D:11     | Reached **** piety under Ru
 10198 | D:11     | Reached ***** piety under Ru
 10198 | D:11     | Reached ****** piety under Ru
 10587 | D:11     | Noticed an unseen horror
 10591 | D:11     | Killed an unseen horror
 10843 | D:11     | Reached XP level 12. HP: 48/113 MP: 11/11
 11467 | D:12     | Reached skill level 10 in Unarmed Combat
 11473 | D:12     | Noticed a two-headed ogre
 11482 | D:12     | Killed a two-headed ogre
 11482 | D:12     | Reached skill level 10 in Fighting
 12400 | D:12     | Got a crystal falchion
 12401 | D:12     | Identified the +4 falchion of the Three Continents {slice,
                  | rElec rN+} (You found it on level 12 of the Dungeon)
 12443 | D:13     | Noticed a centaur warrior
 12456 | D:13     | Killed a centaur warrior
 12653 | D:13     | Noticed Urug
 12653 | D:13     | Noticed a centaur warrior
 12663 | D:13     | Killed a centaur warrior
 12665 | D:13     | Noticed Rupert
 12686 | D:13     | Found a gate to the Vaults.
 12860 | D:13     | Noticed a four-headed hydra
 12862 | D:13     | Identified the cursed +1 falchion "Wuorr" {vamp, rPois rC+
                  | rN+ Stlth+}
 13094 | D:13     | Killed Urug
 13223 | D:13     | HP: 5/115 [11-headed hydra (1)]
 13223 | D:13     | Slain by an 11-headed hydra

Levels and vault maps discovered:
D:1:      shiori_arrival_whats_in_store_for_you, layout_basic
D:2:      layout_loops_ring
D:3:      layout_basic, gup_sewer_entry_spiral, dk_noncrumbling_3,
          lemuel_altar_in_water
D:4:      layout_cave_pods, nicolae_ossuary_entry_giza, serial_shops,
          nicolae_shop_crystal, okawaru_altar_gauntlet_db
D:5:      layout_loops_cross, minmay_temple_entry_overgrown, first_ration,
          uniq_edmund, uniq_crazy_yiuf_cottage, uniq_pikel, uniq_menkaure,
          uniq_prince_ribbit1, uniq_blork_the_orc
D:6:      layout_rooms, corexii_corridor_pit, uniq_sigmund
D:7:      layout_gridville, grunt_potential
D:8:      layout_basic, uniq_joseph
D:9:      layout_cave_pods, eat_drink_and_be_merry_uskayaw, hangedman_fish_farm,
          grunt_ministairs_4
D:10:     layout_basic, dpeg_oklobed_lair, david_orc_2, serial_park_tiny_1
D:11:     layout_gridville, gammafunk_ghost_hydra_chop
D:12:     layout_gridville, pond
D:13:     layout_layer_cave, david_vaults_3, serial_shops, kennysheep_mini
Temple:   kilobyte_greek_temple

Skill      XL: |  1  2  3  4  5  6  7  8  9 10 11 12 |
---------------+-------------------------------------+-----
Fighting       | 3 4 5 6 7 8 9 10 | 10.6
Unarmed Combat | 4 5 6 7 8 9 10 | 10.4
Dodging        | 3 4 5 6 7 8 9 |  9.9
Maces & Flails | 2 4 6 8 9 |  9.4
Stealth        | |  1.0

Action                   |  1- 3 |  4- 6 |  7- 9 | 10-12 || total
-------------------------+-------+-------+-------+-------++-------
Melee: Unarmed           |     9 |   153 |   325 |   727 ||  1214
       Dagger            |    60 |   132 |       |       ||   192
       Punch             |     1 |     4 |     4 |    35 ||    44
       Mace              |       |       |    16 |    30 ||    46
Throw: Stone             |       |       |       |     5 ||     5
Invok: Sacrifice Purity  |       |       |     1 |       ||     1
       Sacrifice Essence |       |       |       |     1 ||     1
       Sacrifice Love    |       |       |       |     1 ||     1
       Sacrifice Health  |       |       |       |     1 ||     1
       Draw Out Power    |       |       |       |     1 ||     1
       Power Leap        |       |       |       |     1 ||     1
  Use: Potion            |       |     3 |    16 |     7 ||    26
       Scroll            |       |     2 |     5 |    16 ||    23
 Stab: Sleeping          |     2 |     2 |     1 |     2 ||     7
       Invisible         |       |       |     2 |     5 ||     7
       Distracted        |       |       |       |     5 ||     5
       Paralysed         |       |       |       |    10 ||    10
  Eat: Chunk             |     5 |    23 |    35 |    69 ||   132
Armor: Robe              |    30 |   105 |    86 |   167 ||   388
       Skin              |       |       |    40 |    11 ||    51
Dodge: Dodged            |    25 |   164 |   197 |   469 ||   855
